 Dungeon Crawl Stone Soup version 0.27.0-1-g7a089689b8 (webtiles) character file.

Game seed: 12791291536308863028

6918 jamesdean20 the Cleaver (level 11, -5/95 HPs)
             Began as a Hill Orc Fighter on Aug 9, 2021.
             Was a Priest of Beogh.
             Slain by a gnoll sergeant (15 damage)
             ... in a bailey on Aug 10, 2021.
             The game lasted 01:04:39 (11594 turns).

jamesdean20 the Cleaver (Hill Orc Fighter)         Turns: 11594, Time: 01:04:41

Health: -5/95      AC:  8    Str: 22    XL:     11   Next: 7%
Magic:  11/11      EV: 19    Int:  8    God:    Beogh [***...]
Gold:   398        SH:  5    Dex: 11    Spells: 10/10 levels left

rFire    . . .     SeeInvis .   d - +6 executioner's axe (elec)
rCold    . . .     Faith    .   (shield currently unavailable)
rNeg     . . .     Spirit   .   b - +0 scale mail
rPois    +         Reflect  +   (no helmet)
rElec    .         Harm     .   (no cloak)
rCorr    .         Rampage  .   (no gloves)
Will     .....                  (no boots)
Stlth    ..........             l - amulet of reflection
HPRegen  0.25/turn              K - ring of the Hare {EV+8}
MPRegen  0.12/turn              m - ring of poison resistance

@: lit by a corona, glowing
A: no striking features
a: Renounce Religion, Smiting


You were in a bailey.
You worshipped Beogh.
Beogh was most pleased with you.
You visited 2 branches of the dungeon, and saw 11 of its levels.
You also visited: Bailey.

You collected 692 gold pieces.
You spent 294 gold pieces at shops.

Inventory:

Hand Weapons
 a - a +1 vampiric broad axe
 d - a +6 executioner's axe of electrocution (weapon)
 t - a +1 short sword of electrocution
Missiles
 r - 7 throwing nets (quivered)
Armour
 b - a +0 scale mail (worn)
 c - a +0 kite shield
 p - a +0 ring mail of cold resistance
Jewellery
 l - an amulet of reflection (around neck)
 m - a ring of poison resistance (right hand)
 s - a ring of resist corrosion
 H - an amulet of magic regeneration
 K - the ring of the Hare (left hand) {EV+8}
   (You found it on level 9 of the Dungeon)

   [ring of evasion]

   EV:        It affects your evasion (+8).
Wands
 D - a wand of flame (61)
 E - a wand of mindburst (9)
 F - a wand of paralysis (3)
 J - a wand of polymorph (6)
 M - a wand of iceblast (7)
Scrolls
 e - 2 scrolls of amnesia
 g - 2 scrolls of fog
 h - 2 scrolls of noise {unknown}
 j - 2 scrolls of teleportation
 o - 4 scrolls of immolation
 q - a scroll of vulnerability {unknown}
 u - 2 scrolls of acquirement
 w - 2 scrolls of blinking {unknown}
 y - a scroll of torment {unknown}
 I - a scroll of enchant armour {unknown}
 L - a scroll of fear {unknown}
Potions
 f - a potion of flight {unknown}
 i - 2 potions of brilliance {unknown}
 n - a potion of magic {unknown}
 v - 2 potions of lignification {unknown}
 x - 3 potions of degeneration {unknown}
 z - 2 potions of berserk rage {unknown}
 A - a potion of resistance {unknown}
 B - 2 potions of heal wounds {unknown}
 C - 2 potions of haste {unknown}
 G - 2 potions of curing {unknown}


   Skills:
 + Level 8.3 Fighting
 + Level 14.8 Axes
 + Level 8.2 Armour
 + Level 3.1 Dodging
 + Level 1.8 Stealth
 + Level 6.6 Shields


You had 10 spell levels left.
You didn't know any spells.
Your spell library contained the following spells:

 Spells                   Type           Power      Damage    Failure   Level
 Summon Small Mammal      Summ           0%         N/A       69%         1
 Call Canine Familiar     Summ           0%         N/A       96%         3
 Summon Guardian Golem    Hex/Summ       0%         N/A       96%         3
 Fulminant Prism          Conj/Hex       0%         3d6       100%        4
 Iskenderun's Mystic Bla  Conj/Tloc      0%         2d3       100%        4
 Lee's Rapid Deconstruct  Erth           0%         3d5*      100%        5


Dungeon Overview and Level Annotations

Branches:
Dungeon (10/15)            Temple (1/1) D:4            Lair (0/6) D:10
 Bailey (1/1)
    Orc: D:9-12

Altars:
Ashenzari
Cheibriados
Dithmenos
Elyvilon
Fedhas
Gozag
Hepliaklqana
Kikubaaqudgha
Makhleb
Nemelex Xobeh
Okawaru
Qazlal
Ru
Sif Muna
Trog
Uskayaw
Vehumet
Wu Jian
Xom
Yredelemnul
Zin
The Shining One

Shops:
D:1 *   D:10 =


Message History

You completely miss the gnoll sergeant.
The gnoll sergeant is severely wounded.
You barely miss the gnoll shaman. The gnoll shaman barely misses you.
The gnoll sergeant hits you from afar with a +0 glaive.
The gnoll shaman calls upon its god to speed up the gnoll shaman.
The gnoll shaman seems to speed up.
The gnoll sergeant barely misses you. The gnoll shaman misses you.
You slice the gnoll sergeant!!
You kill the gnoll sergeant!
Beogh accepts your kill.
You slice the gnoll shaman!!
You kill the gnoll shaman!
Beogh accepts your kill.
Beogh appreciates your killing of a heretic priest.
The gnoll sergeant hits you from afar with a +0 glaive!
The gnoll shaman hits you from afar with a +0 halberd!
You block the gnoll sergeant's attack. The gnoll shaman misses you.
The gnoll shaman closely misses you. You block the gnoll sergeant's attack.
Things that are here:
a +0 halberd; a +4 scale mail; a gnoll corpse You hit the gnoll shaman.
The gnoll shaman is lightly wounded.
You hit the gnoll sergeant. The gnoll shaman closely misses you.
The gnoll sergeant hits you with a +0 glaive.
* * * LOW HITPOINT WARNING * * *
The gnoll shaman completely misses you.
You barely miss the gnoll shaman.
The gnoll shaman is lightly wounded.
You slash the gnoll sergeant!
The gnoll shaman calls upon its god to speed up the gnoll sergeant.
The gnoll sergeant seems to speed up.
The gnoll sergeant barely misses you. The gnoll shaman closely misses you.
You barely miss the gnoll shaman.
The gnoll shaman is lightly wounded.
You hit the gnoll sergeant.
The gnoll sergeant hits you with a +0 glaive!
* * * LOW HITPOINT WARNING * * *
The gnoll shaman barely misses you.
The gnoll sergeant hits you with a +0 glaive!
You die...

♣≈≈...............≈≈♣
♣≈.................≈♣
♣≈..#####(..#####..≈♣
♣≈.##...#..(#(..##.≈♣
♣≈##....'.).)))..##≈♣
♣≈#...).#...#)....#≈♣
♣≈#8....##'##).).8#≈♣
♣≈#....##...##)...#≈♣
♣≈#...##.....##.@.#≈♣
#...#.......#gg.#
###'#...8...#...#
♣≈#..)#...)...#...#≈♣
♣≈#..)##.).))##...#≈♣
♣≈#.)))##)).##....#≈♣
♣≈#8.)..##'## ...8#≈♣
♣≈#.....#...#.....#≈♣
♣≈#####'#...# ##≈♣


You could see a gnoll sergeant (fast) and a gnoll shaman (fast).

Vanquished Creatures
  A two-headed ogre (D:10)
  A kobold demonologist (D:8)
  A troll (D:10)
  Grinder (D:4)
  Prince Ribbit (D:7)
  A yak (D:10)
  A wyvern (D:9)
  A steam dragon (D:7)
  A water moccasin (D:6)
  2 orc warriors
  5 sky beasts
  A necrophage (D:7)
  A black bear (D:4)
  3 centaurs
  2 ogres
  10 kobold brigands
  2 bullfrogs
  8 gnoll sergeants
  8 scorpions
  A water moccasin zombie (D:6)
  4 wights (D:6)
  9 killer bees
  2 centaur zombies
  2 orc priests (D:9)
  7 gnoll shamans
  4 hounds
  2 iguanas (D:5)
  A bullfrog skeleton (D:7)
  An orc wizard (D:9)
  A howler monkey zombie (D:7)
  5 adders
  26 gnolls
  2 howler monkey skeletons
  A white imp (D:6)
  2 ufetubi (D:6)
  4 worms
  2 dart slugs
  11 orcs
  11 bats
  2 endoplasms
  6 giant cockroaches
  8 goblins
  4 hobgoblins
  12 jackals
  A quokka (D:2)
  7 ball pythons
  2 frilled lizards
  29 kobolds
  2 rats
222 creatures vanquished.

Vanquished Creatures (others)
  A howler monkey (D:6)
  An orc (D:6)
  A kobold (D:6)
  6 fungi
  8 plants
17 creatures vanquished.

Grand Total: 239 creatures vanquished

Notes
Turn   | Place    | Note
-------+----------+-------------------------------------------
     0 | D:1      | jamesdean20 the Hill Orc Fighter began the quest for the
                  | Orb.
     0 | D:1      | Reached XP level 1. HP: 19/19 MP: 1/1
   149 | D:1      | Found Ruiput's Assorted Antiques.
   336 | D:1      | Reached XP level 2. HP: 27/27 MP: 2/2
   414 | D:1      | Found a faded altar of an unknown god.
   643 | D:1      | Reached XP level 3. HP: 32/33 MP: 3/3
  1094 | D:2      | Reached skill level 3 in Axes
  1529 | D:3      | Reached XP level 4. HP: 39/40 MP: 4/4
  2236 | D:3      | Reached skill level 4 in Axes
  2532 | D:4      | Noticed Grinder
  2619 | D:4      | Reached XP level 5. HP: 46/46 MP: 5/5
  2684 | D:4      | Noticed a black bear
  2695 | D:4      | Killed a black bear
  2807 | D:4      | Found a staircase to the Ecumenical Temple.
  2815 | Temple   | Entered the Ecumenical Temple
  2931 | D:4      | Reached skill level 5 in Axes
  3170 | D:4      | Reached XP level 6. HP: 50/52 MP: 6/6
  3189 | D:4      | Found a shimmering altar of Xom.
  3198 | D:4      | Found a stormy altar of Qazlal.
  3199 | D:4      | Found a burning altar of Makhleb.
  3245 | D:4      | Paralysed by Grinder for 5 turns
  3266 | D:4      | Killed Grinder
  3267 | D:4      | Reached skill level 6 in Axes
  3267 | D:4      | Reached skill level 1 in Dodging
  3267 | D:4      | Reached skill level 5 in Shields
  3267 | D:4      | Reached XP level 7. HP: 23/60 MP: 7/7
  3460 | D:4      | Reached skill level 5 in Armour
  3653 | D:5      | Entered Level 5 of the Dungeon
  3816 | D:5      | Reached skill level 7 in Axes
  3824 | D:5      | Reached skill level 5 in Fighting
  3839 | D:5      | Identified 3 scrolls of acquirement
  3839 | D:5      | Acquired a +3 executioner's axe of electrocution
  4376 | D:6      | Found a broken altar of Ashenzari.
  4488 | D:4      | HP: 2/61 [sky beast (5)]
  4492 | D:4      | Reached XP level 8. HP: 4/68 MP: 8/8
  5002 | D:6      | Became a worshipper of Beogh the Brigand
  5041 | D:6      | Reached skill level 8 in Axes
  5538 | D:6      | Paralysed by a kobold for 3 turns
  5548 | D:6      | Paralysed by a kobold for 4 turns
  5904 | D:7      | Noticed Prince Ribbit
  5907 | D:7      | Found an ornate altar of the Wu Jian Council.
  5934 | D:7      | Killed Prince Ribbit
  5935 | D:7      | Reached skill level 9 in Axes
  6147 | D:7      | Reached XP level 9. HP: 51/75 MP: 9/9
  6277 | D:7      | Reached skill level 10 in Axes
  6277 | D:7      | Reached skill level 1 in Stealth
  6280 | D:7      | Found a shadowy altar of Dithmenos.
  6416 | D:7      | Found a hazy altar of Hepliaklqana.
  6417 | D:7      | Found a sparkling altar of Nemelex Xobeh.
  6540 | D:7      | Reached * piety under Beogh
  6835 | D:7      | Found a blossoming altar of Fedhas.
  7085 | D:7      | Reached skill level 11 in Axes
  8083 | D:8      | Noticed a kobold demonologist
  8087 | D:8      | Noticed a red devil
  8090 | D:8      | Killed a kobold demonologist
  8094 | D:8      | Reached skill level 12 in Axes
  8103 | D:8      | Reached XP level 10. HP: 24/86 MP: 10/10
  8112 | D:8      | Reached ** piety under Beogh
  8431 | D:8      | Noticed a six-headed hydra
  8693 | D:1      | Bought a scroll labelled KESOLODDEGH for 31 gold pieces
  8693 | D:1      | Bought a scroll of enchant weapon for 232 gold pieces
  8693 | D:1      | Bought a scroll labelled JUPLUF LAURR for 31 gold pieces
  9018 | D:8      | You fall into a shaft and drop 2 floors!
  9018 | D:10     | Entered Level 10 of the Dungeon
  9074 | D:10     | Reached skill level 13 in Axes
  9107 | D:10     | Found a staircase to the Lair.
  9141 | D:10     | Noticed a two-headed ogre
  9169 | D:10     | Killed a two-headed ogre
  9852 | D:10     | Reached skill level 14 in Axes
 10170 | D:10     | Found Kucudghio's Jewellery Boutique.
 10643 | D:9      | Found the ring of the Hare {EV+8}
 10704 | D:9      | Found a flagged portal.
 10787 | Bailey   | Entered a bailey
 10806 | Bailey   | Reached *** piety under Beogh
 11281 | Bailey   | Reached XP level 11. HP: 83/95 MP: 11/11
 11594 | Bailey   | Slain by a gnoll sergeant

Illustrated notes

Levels and vault maps discovered:
D:1:      kennysheep_arrival_forest, layout_basic, serial_shops,
          nicolae_shop_statue_plus, dreamdust_ecumenical_altar_statues
D:2:      layout_loops_cross, grunt_ministairs_8, minmay_misc_feat_secret_circle
D:3:      layout_loops_ring, hangedman_decor_lopped
D:4:      layout_loops_cross, minitemple, minmay_temple_entry_hall, uniq_grinder
D:5:      layout_rooms
D:6:      layout_rooms, ashenzari_altar_1
D:7:      old_forge, layout_basic, mainiacjoe_overflow_cross_hatched,
          fedhas_ov_isle_minmay, gammafunk_temple_overflow_statue,
          amcnicky_altar_gilded, uniq_prince_ribbit1
D:8:      layout_layer_cave, special_room [special_room_kobold],
          nicolae_lava_and_water
D:9:      wad_pebble_path, layout_loops_ring, enter_bailey_2,
          minmay_unpleasant_kobolds
D:10:     layout_stronghold, grunt_lair_entry_orc_guard_hut, serial_shops, shop,
          minmay_holes
Temple:   nicolae_temple_god_jail
Bailey:   bailey_polearm_gnolls_kennysheep, bailey

Skill      XL: |  1  2  3  4  5  6  7  8  9 10 11 |
---------------+----------------------------------+-----
Armour         | 4 5 6 7 8 |  8.2
Fighting       | 4 5 6 7 8 |  8.3
Axes           | 3 4 5 6 7 9 12 14 | 14.8
Shields        | 4 5 6 |  6.6
Dodging        | 1 2 3 |  3.1
Stealth        | 1 |  1.8

Action                   |  1- 3 |  4- 6 |  7- 9 | 10-12 || total
-------------------------+-------+-------+-------+-------++-------
Melee: War axe           |   107 |   174 |    35 |       ||   316
       Executioner's axe |       |       |   180 |   154 ||   334
Invok: Convert to Beogh  |       |       |     1 |       ||     1
  Use: Potion            |       |       |     2 |       ||     2
       Scroll            |       |       |     1 |     9 ||    10
Armor: Scale mail        |    45 |    59 |   102 |    57 ||   263
Dodge: Dodged            |    32 |    33 |    86 |   179 ||   330
Block: Kite shield       |    76 |   145 |    34 |       ||   255
       Reflection        |       |     5 |     1 |     3 ||     9
       Other             |       |       |    34 |    54 ||    88
